 Dungeon Crawl Stone Soup version 0.24-a0-434-gd57e52fea8 (webtiles) character file.

Game seed: 11819711432952310550

33 nikopol the Firebug (level 3, -5/19 HPs)
             Began as a Deep Elf Fire Elementalist on June 16, 2019.
             Was an Initiate of Vehumet.
             Slain by a phantom (9 damage)
             ... on level 4 of the Dungeon.
             The game lasted 00:03:39 (1065 turns).

nikopol the Firebug (Deep Elf Fire Elementalist)    Turns: 1065, Time: 00:03:39

Health: -5/19      AC:  2    Str:  9    XL:     3   Next: 12%
Magic:  1/9        EV: 13    Int: 20    God:    Vehumet [......]
Gold:   36         SH:  0    Dex: 15    Spells: 7/8 levels left

rFire    . . .     SeeInvis .   d - +0 dagger
rCold    . . .     Gourm    .   (no shield)
rNeg     . . .     Faith    .   a - +0 robe
rPois    .         Spirit   .   (no helmet)
rElec    .         Reflect  .   (no cloak)
rCorr    .         Harm     .   (no gloves)
MR       .....                  (no boots)
Stlth    ++........             (no amulet)
HPRegen  0.06/turn              (no ring)
MPRegen  0.11/turn              g - +4 ring of strength

@: no status effects
A: no striking features
a: Renounce Religion


You were on level 4 of the Dungeon.
You worshipped Vehumet.
Vehumet was noncommittal.
You were not hungry.

You visited 1 branch of the dungeon, and saw 3 of its levels.

You collected 36 gold pieces.

Inventory:

Hand Weapons
 d - a +0 dagger (weapon)
Armour
 a - a +0 robe (worn)
Jewellery
 g - a +4 ring of strength (right hand)
Wands
 e - a wand of paralysis (9)
Scrolls
 b - a scroll of immolation {unknown}
 f - a scroll of amnesia {unknown}
 l - a scroll of fog {unknown}
 n - a scroll of teleportation {unknown}
Potions
 h - a potion of ambrosia {unknown}
 i - a potion of curing {unknown}
 j - a potion of agility {unknown}
Comestibles
 c - 2 rations
 k - a chunk of flesh


   Skills:
 + Level 3.0 Dodging
 + Level 2.4 Stealth
 + Level 3.4 Spellcasting
 + Level 1.2 Conjurations
 + Level 4.1 Fire Magic


You had 7 spell levels left.
You knew the following spells:

 Your Spells              Type           Power        Failure   Level  Hunger
a - Flame Tongue          Conj/Fire      ##...        4%          1    None

Your spell library contained the following spells:

 Spells                   Type           Power        Failure   Level  Hunger
 Throw Flame              Conj/Fire      ##....       7%          2    ##.....
 Conjure Flame            Conj/Fire      ##......     14%         3    ###....
 Inner Flame              Hex/Fire       ##......     17%         3    ###....
 Sticky Flame             Conj/Fire      ##......     41%         4    ####...
 Fireball                 Conj/Fire      ##........   77%         5    ######.


Dungeon Overview and Level Annotations

Branches:
Dungeon (2/15)

Altars:
Dithmenos
Vehumet
Xom


Message History

Aiming: Flame Tongue (safe; 4% risk of failure)
Press: ? - help, Shift-Dir - straight line, f - phantom
Aim: a phantom The flame tongue misses the phantom.
The phantom hits you.
* * * LOW HITPOINT WARNING * * *
Casting: Flame Tongue (safe; 4% risk of failure)
Confirm with . or Enter, or press ? or * to list all spells.
Aiming: Flame Tongue (safe; 4% risk of failure)
Press: ? - help, Shift-Dir - straight line, f/p - phantom
Aim: a phantom The flame tongue hits the phantom.
The phantom is lightly damaged.
The phantom closely misses you.
Casting: Flame Tongue (safe; 4% risk of failure)
Confirm with . or Enter, or press ? or * to list all spells.
Aiming: Flame Tongue (safe; 4% risk of failure)
Press: ? - help, Shift-Dir - straight line, f/p - phantom
Aim: a phantom (lightly damaged)
The flame tongue misses the phantom.
The phantom hits you!
You die...

#.......[.....#
............####
#............######..
.....................
..........#######>. .
(........##
...##.#..##..#
#.$.........#
..##.W@.##..#
#.....#...#..#
###.....#......
#..##.##.#..... ....
#..#.....W.. ###..
............ .. ...##
...... ... ###


You could see a phantom.

Vanquished Creatures
  An adder (D:4)
  An ooze (D:1)
  A leopard gecko (D:1)
  2 hobgoblins (D:2)
  2 jackals (D:2)
  A ball python (D:2)
  A bat (D:1)
  A frilled lizard (D:2)
  5 goblins
  2 kobolds
  2 rats
19 creatures vanquished.

Notes
Turn   | Place    | Note
-------+----------+-------------------------------------------
     0 | D:1      | nikopol the Deep Elf Fire Elementalist began the quest for
                  | the Orb.
     0 | D:1      | Reached XP level 1. HP: 10/10 MP: 6/6
   228 | D:1      | Reached XP level 2. HP: 8/15 MP: 1/8
  1003 | D:2      | You fall into a shaft and drop 2 floors!
  1020 | D:4      | Found a radiant altar of Vehumet.
  1021 | D:4      | Found a shimmering altar of Xom.
  1021 | D:4      | Found a shadowy altar of Dithmenos.
  1028 | D:4      | Became a worshipper of Vehumet
  1053 | D:4      | Noticed a phantom
  1062 | D:4      | Reached skill level 4 in Fire Magic
  1062 | D:4      | Reached XP level 3. HP: 9/19 MP: 4/9
  1065 | D:4      | Slain by a phantom

Levels and vault maps discovered:
D:1:      noname_arrival_rooms_in_the_neighbourhood, layout_rooms
D:2:      layout_basic, overflow_temple_1_default, grunt_ministairs_9,
          minmay_quadrilaterals, uniq_natasha
D:4:      layout_rooms, kennysheep_mini_moat,
          chequers_temple_overflow_statue_of_worship, first_ration

Skill      XL: |  1  2 |
---------------+-------+-----
Dodging        | 3 |  3.0
Fire Magic     | 4 |  4.1
Stealth        | |  2.4
Spellcasting   | |  3.4
Conjurations   | |  1.2

Action                   || total
-------------------------++-------
Melee: Unarmed           ||     1
 Cast: Flame Tongue      ||    39
  Use: Scroll            ||     1
Armor: Robe              ||     1
Dodge: Dodged            ||     7

Table legend:
 A = Non-vault XP
 B = Vault XP
 C = Vault XP percentage of total XP
 D = Non-vault monster count
 E = Vault monster count
 F = Vault count percentage of total count
                 A         B        C        D         E       F
            +---------+---------+-------+---------+---------+-------
      Total |      45 |       3 |   6.2 |      17 |       2 |  10.5
            +---------+---------+-------+---------+---------+-------
        D:1 |      20 |       0 |   0.0 |       9 |       0 |   0.0
        D:2 |      12 |       3 |  20.0 |       7 |       2 |  22.2
        D:4 |      13 |       0 |   0.0 |       1 |       0 |   0.0
            +---------+---------+-------+---------+---------+-------
